 Dungeon Crawl Stone Soup version 0.24.0-28-g17ded55e90 (webtiles) character file.

Game seed: 10129690662227158203, levelgen mode: deterministic

585 Arum the Slasher (level 7, -4/44 HPs)
             Began as a Tengu Gladiator on Nov 11, 2019.
             Was a Follower of Wu Jian.
             Slain by an orc wizard
             ... wielding a +0 dagger
              (5 damage)
             ... on level 4 of the Dungeon.
             The game lasted 00:05:02 (2993 turns).

Arum the Slasher (Tengu Gladiator)                  Turns: 2993, Time: 00:05:03

Health: -4/44      AC:  6    Str: 15    XL:     7   Next: 37%
Magic:  0/8        EV: 17    Int:  8    God:    Wu Jian [*.....]
Gold:   169        SH:  0    Dex: 17    Spells: 6/6 levels left

rFire    . . .     SeeInvis .   a - +0 long sword
rCold    . . .     Gourm    .   (no shield)
rNeg     . . .     Faith    .   s - +0 ring mail
rPois    .         Spirit   +   c - +0 hat
rElec    .         Reflect  .   o - scarf {Spirit}
rCorr    .         Harm     .   e - +0 pair of gloves
MR       .....                  (boots unavailable)
Stlth    +.........             (no amulet)
HPRegen  0.14/turn              (no ring)
MPRegen  0.11/turn              (no ring)

@: flying quickly and evasively, quick
A: beak, talons 3, able to fly
a: Stop Flying, Renounce Religion


You were on level 4 of the Dungeon.
You worshipped Wu Jian.
Wu Jian was aware of your devotion.
You were not hungry.

You visited 1 branch of the dungeon, and saw 4 of its levels.

You collected 169 gold pieces.

Inventory:

Hand Weapons
 a - a +0 long sword (weapon)
Missiles
 d - 4 throwing nets (quivered)
 j - 6 javelins
 l - 21 poisoned darts
Armour
 c - a +0 hat (worn)
 e - a +0 pair of gloves (worn)
 o - a scarf of spirit shield (worn)
 s - a +0 ring mail (worn)
Scrolls
 b - a scroll of fear {unknown}
 h - 3 scrolls of remove curse {unknown}
 k - 2 scrolls of enchant armour {unknown}
 n - 2 scrolls of identify {unknown}
 p - a scroll of random uselessness {unknown}
 t - a scroll of blinking {unknown}
 u - a scroll of immolation {unknown}
 v - a scroll of enchant weapon {unknown}
 w - a scroll of fog {unknown}
Potions
 g - 6 potions of curing {unknown}
 i - 2 potions of might {unknown}
 m - a potion of degeneration {unknown}
 r - a potion of ambrosia {unknown}
 x - a potion of flight {unknown}
Comestibles
 f - 7 rations


   Skills:
 + Level 4.8 Fighting
 + Level 5.8 Long Blades
 - Level 2.0 Throwing
 + Level 5.8 Dodging


You had 6 spell levels left.
You didn't know any spells.
Your spell library was empty.

Dungeon Overview and Level Annotations

Branches:
Dungeon (4/15)
 Temple: D:4-7

Altars:
Trog
Wu Jian

Shops:
D:4 =


Innate Abilities, Weirdness & Mutations

You have a beak for a mouth.
You have claws for feet.
You can fly continuously.


Message History

You hit something. Something closely misses you. Something hits you!
The orc priest calls upon Beogh to heal the orc.
The orc is healed somewhat.
You closely miss something. You claw something. You peck something.
Something closely misses you.
You hit something. The Council accepts your kill.
Reactivating autopickup.
You feel a bit more experienced. The orc wizard casts a spell at you.
The magic dart hits you.
* * * LOW HITPOINT WARNING * * *
The orc priest calls down the wrath of Beogh upon you.
Beogh smites you!
* * * LOW HITPOINT WARNING * * *
You lunge at the orc wizard.
You hit the orc wizard.
The orc wizard is heavily wounded.
The orc wizard hits you but does no damage.
The orc wizard hits you with a +0 dagger.
You die...

#.#.#.#>##.#..##
#.....####.#...#
#.....# #.#####
#.....# #.#..
#.....####.#.#
#..........#o#
#......#####o#
#......# #o#
#......# #@#
####.#.# #.#
#.#.#####.#
#.#....[..# #
#########


You could see an orc priest, an orc wizard and an orc.

Vanquished Creatures
  Sigmund (D:2)
  An ogre (D:3)
  A crimson imp (D:4)
  An orc priest (D:3)
  2 orc wizards
  A worker ant (D:4)
  Robin (D:2)
  4 gnolls
  2 adders
  An ooze (D:2)
  2 worms (D:3)
  4 dart slugs
  4 leopard geckos
  4 orcs
  4 giant cockroaches
  22 goblins
  13 hobgoblins
  7 jackals
  18 kobolds
  4 quokkas
  3 ball pythons
  6 bats
  7 frilled lizards
  10 rats
123 creatures vanquished.

Notes
Turn   | Place    | Note
-------+----------+-------------------------------------------
     0 | D:1      | Arum the Tengu Gladiator began the quest for the Orb.
     0 | D:1      | Reached XP level 1. HP: 12/12 MP: 2/2
   220 | D:1      | Reached XP level 2. HP: 15/17 MP: 3/3
   324 | D:1      | Reached XP level 3. HP: 17/22 MP: 4/4
   804 | D:1      | Reached XP level 4. HP: 9/27 MP: 2/5
  1097 | D:2      | Noticed Robin
  1112 | D:2      | Killed Robin
  1441 | D:2      | Gained mutation: You can fly continuously. [Tengu growth]
  1441 | D:2      | Reached XP level 5. HP: 32/32 MP: 6/6
  1668 | D:2      | Found an ornate altar of the Wu Jian Council.
  1672 | D:2      | Noticed Sigmund
  1681 | D:2      | Killed Sigmund
  1681 | D:2      | Reached skill level 5 in Long Blades
  1681 | D:2      | Reached skill level 5 in Dodging
  1681 | D:2      | Reached XP level 6. HP: 30/38 MP: 4/7
  1746 | D:2      | Became a worshipper of the Wu Jian Council
  2164 | D:3      | Reached XP level 7. HP: 44/44 MP: 8/8
  2180 | D:3      | Reached * piety under Wu Jian
  2305 | D:3      | Found a bloodstained altar of Trog.
  2866 | D:4      | Found Nikky's Jewellery Boutique.
  2992 | D:4      | HP: 1/44 [orc priest/divine providence (10)]
  2993 | D:4      | Slain by an orc wizard

Levels and vault maps discovered:
D:1:      grunt_arrival_lava_bath, layout_basic, minmay_tetromino_l2
D:2:      layout_loops_ring, lemuel_crystal_altar, uniq_sigmund, uniq_robin
D:3:      layout_loops_cross, trog_hazing_becter
D:4:      layout_basic, portal_sewer_entry_b, serial_shops,
          nicolae_shop_crystal, first_ration

Skill      XL: |  1  2  3  4  5 |
---------------+----------------+-----
Long Blades    | 4 5 |  5.8
Dodging        | 4 5 |  5.8
Fighting       | 3 4 |  4.8
Throwing       | |  2.0

Action                   |  1- 3 |  4- 6 |  7- 9 || total
-------------------------+-------+-------+-------++-------
Melee: Long sword        |    59 |    93 |    64 ||   216
       Kick              |    20 |    35 |    26 ||    81
       Peck              |     7 |    25 |     8 ||    40
Invok: Lunge             |       |     5 |     9 ||    14
       Whirlwind         |       |       |     2 ||     2
 Abil: Fly               |       |     1 |       ||     1
 Stab: Sleeping          |     3 |       |       ||     3
  Eat: Chunk             |       |     4 |     3 ||     7
Armor: Leather armour    |    18 |     9 |       ||    27
       Ring mail         |       |    14 |    16 ||    30
Dodge: Dodged            |    40 |    76 |    61 ||   177
       Rpst.: Long sword |     7 |    26 |    14 ||    47
